 Dungeon Crawl Stone Soup version 0.29.0-13-gc9e81de378 (webtiles) character file.

Game seed: 11222022747488150399

162 Tiocfaidh the Firebug (level 5, -1/24 HPs)
             Began as a Spriggan Fire Elementalist on Sept 9, 2022.
             Was a Follower of Vehumet.
             Slain by Crazy Yiuf
             ... wielding a +4 quarterstaff of chaos
              (13 damage)
             ... on level 3 of the Dungeon.
             The game lasted 00:13:50 (2611 turns).

Tiocfaidh the Firebug (Spriggan Fire Elementalist)  Turns: 2611, Time: 00:13:51

Health: -1/24      AC:  3    Str:  4    XL:     5   Next: 19%
Magic:  7/11       EV: 17    Int: 18    God:    Vehumet [*.....]
Gold:   96         SH:  0    Dex: 16    Spells: 8/11 levels left

rFire   . . .      SeeInvis +   u - +2 dagger (freeze)
rCold   . . .      Faith    .   (no shield)
rNeg    . . .      Spirit   .   a - +0 robe
rPois   .          Reflect  .   (helmet restricted)
rElec   .          Harm     .   m - +0 cloak
rCorr   .          Rampage  .   (gloves unavailable)
Will    .....                   (boots unavailable)
Stlth   +++.......              (no amulet)
HPRegen 0.08/turn               (no ring)
MPRegen 0.12/turn               (no ring)

@: very quick
A: very small, no large weapons, unfitting armour, see invisible, speed 3
a: Renounce Religion


You were on level 3 of the Dungeon.
You worshipped Vehumet.
Vehumet was aware of your devotion.
You visited 1 branch of the dungeon, and saw 3 of its levels.

You collected 96 gold pieces.

Inventory:

Hand Weapons
 f - a +2 dagger of speed
 u - a +2 dagger of freezing (weapon)
Armour
 a - a +0 robe (worn)
 m - a +0 cloak (worn)
Wands
 q - a wand of paralysis (3)
Scrolls
 c - 2 scrolls of fear {unknown}
 h - 2 scrolls of identify {unknown}
 k - a scroll of poison {unknown}
 l - a scroll of amnesia {unknown}
 n - 2 scrolls of enchant weapon {unknown}
 o - a scroll of blinking {unknown}
 p - a scroll of teleportation {unknown}
 s - a scroll of noise {unknown}
 t - a scroll of magic mapping {unknown}
Potions
 b - a potion of magic
 d - a potion of haste {unknown}
 e - a potion of degeneration {unknown}
 i - a potion of heal wounds {unknown}
 j - a potion of might {unknown}
 r - a potion of brilliance {unknown}


   Skills:
 + Level 0.1 Short Blades
 + Level 0.1 Throwing
 + Level 2.9 Dodging
 + Level 3.7 Stealth
 + Level 3.7 Spellcasting
 + Level 0.8 Conjurations
 + Level 4.2 Fire Magic


You had 8 spell levels left.
You knew the following spells:

 Your Spells              Type           Power      Damage    Failure   Level
a - Foxfire               Conj/Fire      48%        2x1d6     5%          1
b - Scorch                Fire           36%        2d6       4%          2

Your spell library contained the following spells:

 Spells                   Type           Power      Damage    Failure   Level
 Sandblast                Erth           6%         2d5       16%         1
 Conjure Flame            Conj/Fire      12%        6-21      16%         3
 Inner Flame              Hex/Fire       10%        N/A       19%         3
 Ensorcelled Hibernation  Hex/Ice        6%         N/A       22%         2
 Spider Form              Tmut/Pois      3%         N/A       41%         3
 Flame Wave               Conj/Fire      12%        2d6       45%         4
 Anguish                  Hex/Necr       1%         N/A       83%         4


Dungeon Overview and Level Annotations

Branches:
Dungeon (3/15)

Altars:
Makhleb
Vehumet
Yredelemnul

Shops:
D:1 :

Annotations:
D:3 Crazy Yiuf


Innate Abilities, Weirdness & Mutations

You are very small and have problems with some larger weapons.
You are too small for most types of armour.
You have supernaturally acute eyesight. (SInv)
You cover ground extremely quickly. (Speed+++)


Message History

Things that are here:
a +0 short sword; an orc corpse
There is a stone staircase leading down here.
An orc priest comes into view. It is wielding a +0 club.
The orc priest shouts!
Casting: Scorch (safe; 4% risk of failure)
Confirm with . or Enter, or press ? or * to list all spells.
Flames lash the orc priest.
The orc priest is heavily wounded.
The orc priest's fire resistance burns away.
Casting: Scorch (safe; 4% risk of failure)
Confirm with . or Enter, or press ? or * to list all spells.
Flames lash the orc priest.
The orc priest is burned terribly!
You kill the orc priest!
Vehumet accepts your kill.
Your Fire Magic skill increases to level 4!
You have reached level 5!
You feel agile.
Things that are here:
a +0 club; a +0 scale mail; an orc corpse
Found a hammer.
Found a runed translucent door.
You start resting.
Crazy Yiuf shouts!
Magic restored.
You open the door.
Casting: Scorch (safe; 4% risk of failure)
Confirm with . or Enter, or press ? or * to list all spells.
Flames lash Crazy Yiuf.
Crazy Yiuf is moderately wounded.
Crazy Yiuf's fire resistance burns away.
Crazy Yiuf hits you with a +4 quarterstaff of chaos!
Ouch! That really hurt!
Crazy Yiuf draws strength from your wounds!
Casting: Scorch (safe; 4% risk of failure)
Confirm with . or Enter, or press ? or * to list all spells.
Flames lash Crazy Yiuf.
Crazy Yiuf is burned terribly!
Crazy Yiuf is heavily wounded.
Crazy Yiuf hits you with a +4 quarterstaff of chaos!
Ouch! That really hurt!
You die...

####....###.#.###.###.
#....# #...# #.....
♣....♣ #.### #.#.#.
♣♣...♣ #.#####..#..
♣♣.♣♣ #.....).###.
♣♣.♣ ###....## ## ♣.♣♣
#.....## . ♣♣.♣
#......# # ♣@♣♣
##.#..#.# #g#
#.#..#### ... #.#..# #
#...# ####.#..####
#)..# #...#....... ###
##### ####.######. #.#
#.# #> #.# ### ###.##
#. #.# #.# #....# #.


You could see Crazy Yiuf (combustible).

Vanquished Creatures
  An orc priest (D:3)
  Jessica (D:3)
  5 adders
  A dart slug (D:1)
  4 orcs (D:3)
  5 ball pythons
  4 bats
  6 endoplasms
  2 giant cockroaches
  3 goblins
  4 hobgoblins
  2 jackals (D:1)
  5 quokkas
  5 frilled lizards
  5 kobolds
  3 rats
56 creatures vanquished.

Vanquished Creatures (others)
  26 foxfires
26 creatures vanquished.

Grand Total: 82 creatures vanquished

Notes
Turn   | Place    | Note
-------+----------+-------------------------------------------
     0 | D:1      | Tiocfaidh the Spriggan Fire Elementalist began the quest
                  | for the Orb.
     0 | D:1      | Reached XP level 1. HP: 9/9 MP: 5/5
   254 | D:1      | Reached XP level 2. HP: 13/13 MP: 2/6
   257 | D:1      | Found Xeiluy's Vocational Training.
   519 | D:1      | Found a faded altar of an unknown god.
   535 | D:1      | Reached skill level 3 in Fire Magic
   869 | D:2      | Reached XP level 3. HP: 9/16 MP: 0/8
   875 | D:2      | Learned a level 2 spell: Scorch
  1210 | D:2      | Found a radiant altar of Vehumet.
  1221 | D:2      | Became a worshipper of Vehumet
  1863 | D:3      | Reached XP level 4. HP: 21/21 MP: 5/10
  1898 | D:3      | Noticed Jessica
  1903 | D:3      | Killed Jessica
  1903 | D:3      | Reached * piety under Vehumet
  1903 | D:3      | Offered knowledge of Sandblast by Vehumet.
  2047 | D:3      | Found a burning altar of Makhleb.
  2151 | D:3      | Found a basalt altar of Yredelemnul.
  2565 | D:3      | Reached skill level 4 in Fire Magic
  2565 | D:3      | Reached XP level 5. HP: 24/24 MP: 6/11
  2571 | D:3      | Found a runed translucent door.
  2572 | D:3      | Noticed Crazy Yiuf
  2611 | D:3      | Slain by Crazy Yiuf

Illustrated notes

Levels and vault maps discovered:
D:1:      ebering_trefoil_twist, layout_loops_ring,
          chequers_ecumenical_altar_grove, nicolae_shop_vocational
D:2:      layout_rooms, basic_altar
D:3:      layout_loops_ring, mainiacjoe_overflow_catch_the_wave,
          grunt_ministairs_5, uniq_jessica, uniq_crazy_yiuf_cottage

Skill      XL: |  1  2  3  4 |
---------------+-------------+-----
Fire Magic     | 3 4 |  4.2
Spellcasting   | 3 |  3.7
Short Blades   | |  0.1
Throwing       | |  0.1
Dodging        | |  2.9
Stealth        | |  3.7
Conjurations   | |  0.8

Action                   |  1- 3 |  4- 6 || total
-------------------------+-------+-------++-------
Melee: Spear             |     6 |       ||     6
       Dagger            |    26 |     4 ||    30
Throw: Boomerang         |     3 |       ||     3
 Cast: Foxfire           |    26 |       ||    26
       Scorch            |    23 |    18 ||    41
 Stab: Sleeping          |     2 |     1 ||     3
Armor: Robe              |     3 |     1 ||     4
Dodge: Dodged            |    29 |     2 ||    31
